 Dungeon Crawl Stone Soup version 0.29-a0-919-gd064cfad1c (webtiles) character file.

Game seed: 202080571697510126

924864 iguanaiguana the Cryomancer (level 27, -11/182 HPs)
             Began as a Vampire Summoner on July 22, 2022.
             Was a High Priest of Ashenzari.
             Killed from afar by Asmodeus (53 damage)
             ... with damnation
             ... on level 7 of Gehenna on July 27, 2022.
             The game lasted 10:07:02 (35001 turns).

iguanaiguana the Cryomancer (Vampire Summoner)     Turns: 35001, Time: 10:07:03

Health: -11/182    AC: 16    Str:  5    XL:     27
Magic:  24/52      EV: 27    Int: 36    God:    Ashenzari [*****.]
Gold:   2703       SH: 31    Dex: 21    Spells: 4/76 levels left

rFire   + + +      SeeInvis +   e - +9 staff of Wucad Mu {*channel, Evo, Self} (curse)
rCold   + + +      Faith    .   t - +8 tower shield "Seeker of Ashenzari" {rC+ rF+, Comp, Elem} (curse)
rNeg    + + +      Spirit   .   i - +2 robe of the Stellar Sage {Archmagi, Alch, Comp} (curse)
rPois   ∞          Reflect  .   F - +2 helmet "Circumscribed Fetters" {Int+3, Evo, Fort} (curse)
rElec   +          Harm     .   n - +2 cloak of Desmomancy {Will+, Elem, Evo} (curse)
rCorr   +          Rampage  .   s - +2 pair of gloves "Per Aspera Ad Scientiam" {Drain rF+ rC+++ Str-2, Cun, Elem} (curse)
Will    +++..      Archmagi +   f - +2 pair of boots of Ashenzari's Loss {Fly, Comp, Fort} (curse)
Stlth   ++++++++.. Clarity  +   M - amulet of Ashenzari's Gloom {RegenMP rF++ rC-, Cun, Self} (curse)
HPRegen 0.00/turn               C - ring "Yfusafoc" {rElec rF+ rC- Int+6}
MPRegen 0.73/turn               u - ring of Ashenzari's Moon {Ice rPois rCorr Dex+2, Fort, Self} (curse)

@: in a vortex, flying, bloodless, inhibited regen, hasted, studying 4 skills,
unable to read, unable to drink, very quick
A: bloodless, fangs 3, see invisible, vampiric 2, deformed body
}: 10/15 runes: decaying, serpentine, slimy, silver, obsidian, abyssal, glowing,
magical, fiery, dark
a: Bat Form, Revivify, Renounce Religion, Curse Item, Shatter the Chains


You were on level 7 of Gehenna.
You worshipped Ashenzari.
Ashenzari was extremely pleased with you.
You visited 12 branches of the dungeon, and saw 58 of its levels.
You visited Pandemonium 2 times, and saw 23 of its levels.
You visited the Abyss 1 time.
You visited 2 bazaars.
You visited 1 ziggurat, and saw 19 of its levels.
You also visited: Gauntlet, Volcano and Desolation.

You collected 7638 gold pieces.
You spent 4935 gold pieces at shops.

Inventory:

Hand Weapons
 e - the cursed +9 staff of Wucad Mu (weapon) {*channel, Evo, Self}
   (You found it on level 2 of the Snake Pit)

   It occasionally powers its wielder's spells, but with a chance of causing
   confusion or draining the wielder's intelligence.
   It becomes more likely to activate and less likely to backfire with increased
   Evocations skill.
   It has a curse which improves the following skills: Evocations: Evocations.
   Introspection: Fighting and Spellcasting.
Missiles
 E - 3 silver javelins (quivered)
 Q - 2 throwing nets
 R - 3 curare-tipped darts
Armour
 f - the cursed +2 pair of boots of Ashenzari's Loss (worn) {Fly, Comp, Fort}
   (You found it on level 1 of the Dungeon)

   It has a curse which improves the following skills: Companions: Summonings
   and Necromancy.
   Fortitude: Armour and Shields.
 i - the cursed +2 robe of the Stellar Sage (worn) {Archmagi, Alch, Comp}
   (You took it off Jessica on level 2 of the Dungeon)

   It has a curse which improves the following skills: Alchemy: Poison Magic and
   Transmutations.
   Companions: Summonings and Necromancy.
 n - the cursed +2 cloak of Desmomancy (worn) {Will+, Elem, Evo}
   (You found it in a Gauntlet)

   It has a curse which improves the following skills: Elements: Fire Magic, Ice
   Magic, Air Magic and Earth Magic.
   Evocations: Evocations.
 s - the cursed +2 pair of gloves "Per Aspera Ad Scientiam" (worn) {Drain rF+ rC+++ Str-2, Cun, Elem}
   (You found it in the Desolation of Salt)

   Str:       It affects your strength (-2).
   rF:        It protects you from fire.
   rC:        It renders you almost immune to cold.
   Drain:     It drains your maximum health when unequipped.
   It has a curse which improves the following skills: Cunning: Dodging and
   Stealth.
   Elements:  Fire Magic, Ice Magic, Air Magic and Earth Magic.
 t - the cursed +8 tower shield "Seeker of Ashenzari" (worn) {rC+ rF+, Comp, Elem}
   (You took it off a naga warrior on level 4 of the Snake Pit)

   It has a curse which improves the following skills: Companions: Summonings
   and Necromancy.
   Elements:  Fire Magic, Ice Magic, Air Magic and Earth Magic.
 F - the cursed +2 helmet "Circumscribed Fetters" (worn) {Int+3, Evo, Fort}
   (You bought it in a shop on level 3 of the Snake Pit)

   It has a curse which improves the following skills: Evocations: Evocations.
   Fortitude: Armour and Shields.
Jewellery
 k - the ring of Velaewn {EV+4 Str+3 Int+4}
   (You found it on level 16 of a ziggurat)

   [ring of evasion]

   EV:        It affects your evasion (+4).
   Str:       It affects your strength (+3).
   Int:       It affects your intelligence (+4).
 m - the ring "Tibacuq" {Will++ Str-2 Dex+6 Slay+2}
   (You found it on level 4 of a ziggurat)

   [ring of dexterity]

   Str:       It affects your strength (-2).
   Dex:       It affects your dexterity (+6).
   Slay:      It affects your accuracy & damage with ranged weapons and melee
   (+2).
   Will:      It greatly increases your willpower.
 u - the cursed ring of Ashenzari's Moon (right hand) {Ice rPois rCorr Dex+2, Fort, Self}
   (You found it in the Desolation of Salt)

   [ring of ice]

   It enhances your ice magic.
   Dex:       It affects your dexterity (+2).
   rF:        It makes you vulnerable to fire.
   rC:        It protects you from cold.
   rPois:     It protects you from poison.
   rCorr:     It protects you from acid and corrosion.
   It has a curse which improves the following skills: Fortitude: Armour and
   Shields.
   Introspection: Fighting and Spellcasting.
 z - the ring of the Heavens {Wiz rElec rC+ rN+ rCorr}
   (You found it on level 5 of the Pits of Slime)

   [ring of wizardry]

   It improves your spell success rate.
   rC:        It protects you from cold.
   rElec:     It insulates you from electricity.
   rN:        It protects you from negative energy.
   rCorr:     It protects you from acid and corrosion.
 C - the ring "Yfusafoc" (left hand) {rElec rF+ rC- Int+6}
   (You found it on level 8 of a ziggurat)

   [ring of intelligence]

   Int:       It affects your intelligence (+6).
   rF:        It protects you from fire.
   rC:        It makes you vulnerable to cold.
   rElec:     It insulates you from electricity.
 M - the cursed amulet of Ashenzari's Gloom (around neck) {RegenMP rF++ rC-, Cun, Self}
   (You bought it in a shop on level 2 of the Orcish Mines)

   [amulet of magic regeneration]

   It increases your rate of magic regeneration.
   rF:        It greatly protects you from fire.
   rC:        It makes you vulnerable to cold.
   It has a curse which improves the following skills: Cunning: Dodging and
   Stealth.
   Introspection: Fighting and Spellcasting.
Wands
 j - a wand of acid (3) {@v1}
 y - a wand of digging (7) {@v3}
 L - a wand of charming (21)
 Y - a wand of roots (21)
Scrolls
 h - 4 scrolls of summoning
 l - 6 scrolls of fear
 r - 4 scrolls of blinking {@r4}
 x - 17 scrolls of butterflies
 A - 8 scrolls of poison
 D - 18 scrolls of teleportation {@r3}
 G - 7 scrolls of magic mapping {@r5}
 J - 10 scrolls of vulnerability
 K - 3 scrolls of amnesia
 N - 4 scrolls of silence
 T - 10 scrolls of immolation
Potions
 a - 4 potions of invisibility
 b - 5 potions of mutation
 c - 7 potions of haste {@q4}
 g - 12 potions of curing {@q1}
 p - 5 potions of heal wounds {@q2}
 v - 5 potions of cancellation
 w - 11 potions of brilliance
 B - 3 potions of resistance {@q5}
 P - 3 potions of lignification
 W - 3 potions of magic
Miscellaneous
 d - a condenser vane
 o - a phial of floods
 q - the horn of Geryon
 U - a phantom mirror
 X - a tin of tremorstones (2/2)


   Skills:
 - Level 16.9(21.2) Fighting
 - Level 7.4 Short Blades
 - Level 4.8 Staves
 - Level 5.2 Throwing
 - Level 2.6(6.1) Armour
 - Level 16.9(20.2) Dodging
 - Level 10.0(13.4) Stealth
 - Level 15.7(20.1) Shields
 - Level 20.8(25.0) Spellcasting
 - Level 4.0 Conjurations
 - Level 4.0 Hexes
 - Level 8.9(13.4) Summonings
 - Level 13.9(18.3) Necromancy
 - Level 2.0 Translocations
 - Level 9.1(11.5) Transmutations
 - Level 23.0(27) Ice Magic
 - Level 15.6(20.0) Air Magic
 - Level 21.9(26.0) Earth Magic
 - Level 3.4(5.4) Poison Magic
 + Level 17.9(22.2) Evocations


You had 4 spell levels left.
You knew the following spells:

 Your Spells              Type           Power      Damage    Failure   Level
a - Statue Form           Tmut/Erth      88%        N/A       1%          6
b - Polar Vortex          Ice            88%        N/A       1%          9
c - Iron Shot             Conj/Erth      62%        9d12      1%          6
d - Borgnjor's Vile Clut  Necr/Erth      70%        N/A       0%          5
e - Shatter               Erth           74%        3d54*     2%          9
f - Ozocubu's Refrigerat  Ice            88%        4d22      0%          7
g - Maxwell's Capacitive  Air            68%        ∞         1%          8
i - Apportation           Tloc           100%       N/A       1%          1
j - Haunt                 Necr/Summ      63%        N/A       1%          7
k - Ozocubu's Armour      Ice            100%       N/A       0%          3
l - Sublimation of Blood  Necr           100%       N/A       0%          2
n - Passwall              Tmut/Erth      100%       N/A       0%          2
o - Blink                 Tloc           100%       N/A       1%          2
p - Irradiate             Conj/Tmut      50%        3d28      1%          5

Your spell library contained the following spells:

 Spells                   Type           Power      Damage    Failure   Level
 Necrotise                Necr           100%       1d9       0%          1
 Sandblast                Erth           100%       2d20      0%          1
 Shock                    Conj/Air       100%       1d9       0%          1
 Summon Small Mammal      Summ           100%       N/A       0%          1
 Call Imp                 Summ           100%       N/A       0%          2
 Ensorcelled Hibernation  Hex/Ice        100%       N/A       0%          2
 Poisonous Vapours        Pois/Air       100%       N/A       0%          2
 Static Discharge         Conj/Air       100%       3-16/arc  0%          2
 Wereblood                Tmut           100%       N/A       0%          2
 Call Canine Familiar     Summ           100%       N/A       0%          3
 Frozen Ramparts          Ice            100%       1d12      0%          3
 Stone Arrow              Conj/Erth      100%       3d13      0%          3
 Vampiric Draining        Necr           100%       2d13      0%          3
 Airstrike                Air            68%        0-21+     0%          4
 Animate Armour           Summ/Erth      100%       N/A       0%          4
 Animate Dead             Necr           100%       N/A       0%          4
 Dispel Undead            Necr           100%       3d31      0%          4
 Ice Form                 Ice/Tmut       100%       N/A       0%          4
 Petrify                  Tmut/Erth      100%       N/A       0%          4
 Summon Ice Beast         Ice/Summ       100%       N/A       0%          4
 Summon Lightning Spire   Summ/Air       100%       N/A       0%          4
 Foxfire                  Conj/Fire      100%       2x1d9     1%          1
 Magic Dart               Conj           100%       1d8       1%          1
 Sting                    Tmut/Pois      100%       1d8       1%          1
 Searing Ray              Conj           100%       2d8       1%          2
 Conjure Flame            Conj/Fire      75%        6-21      1%          3
 Dazzling Flash           Conj/Hex       100%       N/A       1%          3
 Gell's Gravitas          Tloc           73%        N/A       1%          3
 Ignite Poison            Fire/Tmut/Pois 92%        N/A       1%          3
 Inner Flame              Hex/Fire       75%        N/A       1%          3
 Lesser Beckoning         Tloc           73%        N/A       1%          3
 Mephitic Cloud           Conj/Pois/Air  100%       N/A       1%          3
 Portal Projectile        Hex/Tloc       100%       N/A       1%          3
 Spider Form              Tmut/Pois      100%       N/A       1%          3
 Summon Guardian Golem    Hex/Summ       100%       N/A       1%          3
 Teleport Other           Tloc           73%        N/A       1%          3
 Tukima's Dance           Hex            84%        N/A       1%          3
 Anguish                  Hex/Necr       56%        N/A       1%          4
 Cause Fear               Hex            42%        N/A       1%          4
 Corpse Rot               Necr/Pois/Air  100%       N/A       1%          4
 Fulminant Prism          Conj/Hex       42%        3d20      1%          4
 Leda's Liquefaction      Hex/Erth       62%        N/A       1%          4
 Olgreb's Toxic Radiance  Pois           91%        N/A       1%          4
 Iskenderun's Mystic Bla  Conj/Tloc      79%        2d16      3%          4
 Flame Wave               Conj/Fire      75%        2d17      4%          4
 Passage of Golubria      Tloc           73%        N/A       4%          4
 Sticky Flame             Conj/Fire      75%        2d9       4%          4
 Agony                    Necr           100%       N/A       0%          5
 Lee's Rapid Deconstruct  Erth           74%        3d34*     0%          5
 Simulacrum               Ice/Necr       84%        N/A       0%          6
 Alistair's Intoxication  Tmut/Pois      68%        N/A       1%          5
 Blade Hands              Tmut           56%        N/A       1%          5
 Freezing Cloud           Conj/Ice/Air   77%        6-21      1%          5
 Lightning Bolt           Conj/Air       57%        1d80      1%          5
 Metabolic Englaciation   Hex/Ice        75%        N/A       1%          5
 Silence                  Hex/Air        57%        N/A       1%          5
 Summon Forest            Summ/Tloc      50%        N/A       1%          5
 Summon Mana Viper        Hex/Summ       100%       N/A       1%          5
 Conjure Ball Lightning   Conj/Air       57%        3x3d21    1%          6
 Death Channel            Necr           66%        N/A       1%          6
 Storm Form               Tmut/Air       63%        N/A       1%          7
 Monstrous Menagerie      Summ           59%        N/A       3%          7
 Summon Hydra             Summ           59%        N/A       3%          7
 Infestation              Necr           66%        N/A       3%          8
 Eringya's Noxious Bog    Tmut/Pois      51%        N/A       4%          6
 Iskenderun's Battlesphe  Conj           84%        2d13      5%          5
 Dragon Form              Tmut           56%        N/A       8%          7
 Fireball                 Conj/Fire      37%        3d15      11%         5
 Manifold Assault         Tloc           73%        N/A       12%         5
 Lehudib's Crystal Spear  Conj/Erth      62%        10d14     14%         8
 Spellforged Servitor     Conj/Summ      52%        N/A       24%         7
 Starburst                Conj/Fire      37%        6d11      52%         6
 Dispersal                Tloc           36%        N/A       56%         6
 Enfeeble                 Hex            42%        N/A       86%         7
 Orb of Destruction       Conj           42%        9d12      86%         7
 Discord                  Hex            42%        N/A       100%        8
 Disjunction              Tloc           36%        N/A       100%        8
 Ignition                 Fire           32%        3d10      100%        8
 Fire Storm               Conj/Fire      37%        8d10      100%        9
 Necromutation            Tmut/Necr      Unusable   N/A       N/A         8

Dungeon Overview and Level Annotations

Branches:
Dungeon (15/15) Zot: 25495  Temple (0/1) D:7            Lair (5/5) D:8 Zot: 24658
  Swamp (4/4) Lair:3 Zot: 22312   Snake (4/4) Lair:3 Zot: 21183   Slime (5/5) Lair:4 Zot: 26568
    Orc (2/2) D:9 Zot: 10613     Elf (3/3) Orc:2 Zot: 16647  Vaults (5/5) D:13 Zot: 24900
  Crypt (3/3) Vaults:3 Zot: 16852    Tomb (0/3) Crypt:3      Depths (4/4) D:15 Zot: 22797
   Hell (visited)             Geh (7/7) Hell Zot: 26326     Zot (0/5) Depths:4
Volcano (visited)         Desolation (visited)      Gauntlet (visited)
    Dis: Hell:1         Coc: Hell:1         Tar: Hell:1

Altars:
Ashenzari
Cheibriados
Dithmenos
Fedhas
Kikubaaqudgha
Makhleb
Nemelex Xobeh
Okawaru
Sif Muna
Uskayaw
Vehumet
Wu Jian
Yredelemnul
Jiyva

Shops:
D:13 ?   D:14 ?((=(   D:15 (   Orc:2 =((**   Elf:2 [   Snake:3 =:=[
Snake:4 **   Depths:2 ?[   Depths:3 *

Portals:
Hell: Depths:1 Depths:2
Abyss: Depths:2
Pandemonium: Depths:2

Annotations:
D:6 exclusions: door and downstairs
Lair:2 3 runed translucent doors, exclusion: door, Jackthecabe's ghost, journeyman GnWn; SirDiesAlot's ghost, journeyman DEEE; Veterankin's ghost, journeyman HOFi; jimonade's ghost, journeyman GnHW; wrshamilton's ghost, journeyman HuEE
Lair:5 exclusion: obsidian statue
Depths:3 1 runed translucent door, Saint Roka
Geh:2 11 runed translucent doors
Geh:7 Asmodeus


Innate Abilities, Weirdness & Mutations

You do not regenerate when monsters are visible.
You are frail without blood (-20% HP).
You can heal yourself when you bite living creatures.
You are immune to poison.
You have razor-sharp teeth.
You have supernaturally acute eyesight. (SInv)
You are afflicted with vampirism and can become a bat while bloodless.
Armour fits poorly on your strangely shaped body.


Message History

The balrugs, Asmodeus and the hellion are frozen.
The balrug is frozen!
You kill the balrug!
The balrug disappears in a puff of smoke!
The balrug is frozen!
You kill the balrug!
Asmodeus is moderately wounded.
You kill the hellion!
The balrug is frozen!
You kill the balrug!
Asmodeus gestures at you.
Casting: Ozocubu's Refrigeration (safe; 0% risk of failure)
Confirm with . or Enter, or press ? or * to list all spells.
Okay, then.
Casting: Ozocubu's Refrigeration (safe; 0% risk of failure)
Confirm with . or Enter, or press ? or * to list all spells.
You feel a strong surge of power!
A great freezing vortex appears around you.
Magical energy flows into your mind!
Casting: Polar Vortex (dangerous; 1% risk of failure)
Confirm with . or Enter, or press ? or * to list all spells.
You feel a strong surge of power!
The heat is drained from your surroundings.
You feel very cold.
The hellion and Asmodeus are frozen.
You kill the hellion!
Asmodeus is heavily wounded.
Asmodeus gestures at you.
Casting: Ozocubu's Refrigeration (safe; 0% risk of failure)
Confirm with . or Enter, or press ? or * to list all spells.
You feel a strong surge of power!
The heat is drained from your surroundings.
You feel very cold.
The searing wretch and Asmodeus are frozen.
The searing wretch resists.
The searing wretch is moderately damaged.
Asmodeus is heavily wounded.
Magical energy flows into your mind! Asmodeus gestures at you.
The sphere of damnation explodes!
The damnation engulfs you!!!
You die...

' #.$$$$$#......{...+ ∆* ,≈≈
*#..$$$$##).#.##...++∆$#
**≈≈≈≈ {''....$|##.[.###...#
$.) * ≈≈
,{''..○.☼.##)[n###...##..) * ≈
+ #..○2°2##...###...''.$#** ,≈
+ #.$$2○°##.§§§§§§°)''$# **,≈
≈ ##..°○§§§§§§§.##****,≈≈≈ ,*
* * ####○&§§§##§§.## **, ≈≈
**'∆∆).2##☼§§§@#§§.## ,,,, ≈
,,,''' .'''..§§§##§§###* ,,,≈
≈≈ , '* * '...§§§##§§### , ≈ ≈
.....####....§§☼§§§§'##*, ≈≈
############..###.#'.##*, ,, ≈
#############.#####..##* , ≈
≈≈
..)...##.......+##...##*,,,,,,
≈ ......##......+++....## ,
,≈≈ #.....##†....##+.....##*,
≈ ≈


You could see Asmodeus (clouds) and a searing wretch.

Vanquished Creatures
  Cerebov (Pan)
  Gloorx Vloq (Pan)
  the Royal Jelly (Slime:5)
  Mnoleg (Pan)
  2 dread liches
  An ancient lich (Vaults:5)
  7 pandemonium lords
  A shard shrike (Zig:12)
  2 Killer Klowns (Zig:8)
  2 golden dragons
  Geryon (Hell)
  A profane servitor (Zig:11)
  2 bone dragons (Crypt:3)
  2 electric golems (Zig:19)
  4 hellephants
  9 Brimstone Fiends
  Rupert (D:15)
  A Hell Sentinel (Pan)
  5 Ice Fiends
  4 tentacled monstrosities
  14 searing wretches
  12 titans
  3 liches
  A quicksilver dragon (Vaults:5)
  6 deep elf blademasters
  6 tentacled starspawn
  25 acid blobs
  8 ancient champions
  A sphinx (Vaults:5)
  A shadow dragon (shapeshifter) (Zig:8)
  4 deep elf master archers
  15 Executioners
  3 shadow dragons (Vaults:5)
  8 rockslimes
  12 fire giants
  A fenstrider witch (Swamp:4)
  8 tengu reavers
  5 revenants
  9 nagarajas
  A daeva (Zig:17)
  5 demonspawn warmongers (Pan)
  7 storm dragons
  5 frost giants
  4 deep elf sorcerers
  8 azure jellies
  2 narguns (Zig:12)
  An iron dragon (Depths:3)
  39 balrugs
  A ghost moth (Zig:18)
  A juggernaut zombie (Depths:3)
  10 cacodemons
  An imperial myrmidon (Desolation)
  An angel (Depths:4)
  7 ghouls
  15 vault wardens
  2 curse skulls
  5 orc warlords
  12 quicksilver oozes
  A deep elf elementalist (Elf:3)
  10 war gargoyles
  3 demonspawn corrupters (Pan)
  13 very ugly things
  5 reapers
  4 draconian annihilators
  3 demonspawn blood saints (Pan)
  2 spriggan defenders
  14 ironbound preservers
  10 stone giants
  A green draconian (Zig:6)
  A putrid mouth (Hell)
  16 deep elf demonologists
  3 demonspawn black suns
  2 black draconians (Zig:6)
  8 lorocyprocas
  4 ironbound thunderhulks
  6 deep elf annihilators
  9 vampire knights
  An entropy weaver (shapeshifter) (Zig:8)
  6 wendigos (Zig:12)
  2 entropy weavers
  2 dire elephants
  A purple draconian (Zig:6)
  11 spark wasps
  5 eidola
  Snorg (Orc:2)
  17 jiangshi
  5 iron golems
  8 blizzard demons
  5 deep elf death magi
  6 green deaths
  2 crystal guardians
  4 mummy priests (Zig:9)
  4 ragged hierophants (Desolation)
  6 rakshasas
  8 yaktaur captains
  17 ettins
  6 fire dragons
  9 deep elf high priests
  5 great orbs of eyes
  3 merfolk impalers (Zig:14)
  4 boulder beetles
  2 spriggan zombies
  2 servants of whispers (Desolation)
  4 ice dragons
  An ogre mage (Vaults:5)
  7 two-headed ogres
  A hell beast (Pan)
  A catoblepas (Lair:4)
  19 salamander tyrants
  8 hydras
  28 vault guards
  9 peacekeepers
  11 spriggan air magi
  7 centaur warriors
  An alligator (Swamp:4)
  7 anacondas
  4 ironbound frosthearts
  5 stokers
  3 naga warriors
  2 merfolk aquamancers (Zig:14)
  3 death knights
  20 dancing weapons
  2 titan zombies
  6 vampire magi
  2 satyrs (Zig:14)
  3 tengu warriors
  5 deep troll earth magi
  A fenstrider witch skeleton (Crypt:2)
  33 hell hogs
  12 thrashing horrors
  A death yak (Lair:4)
  2 deep troll shamans (Depths:2)
  5 holy swine (Pan)
  17 soul eaters
  10 naga sharpshooters
  12 shock serpents
  7 hell knights (Hell)
  5 orc high priests
  16 deep elf knights
  3 spriggan berserkers (Depths:4)
  49 sun demons
  7 sixfirhies (Pan)
  3 iron trolls
  6 shadow wraiths
  6 wretched stars
  2 crystal echidnas (Zig:7)
  2 storm dragon skeletons
  A titan skeleton (Hell)
  6 salamander mystics
  A goliath frog (Swamp:2)
  27 skeletal warriors
  29 deep trolls
  Lodul (D:11)
  An orb spider (shapeshifter) (Vaults:5)
  2 spatial maelstroms (Zig:17)
  5 shadow demons (Pan)
  An obsidian statue (Zig:8)
  3 sea snakes
  A spectral anaconda (Lair:5)
  3 flayed ghosts
  2 bog bodies
  4 naga ritualists
  An orb spider (Abyss:3)
  9 wizards
  A bunyip skeleton (Crypt:3)
  16 phantasmal warriors
  4 glowing orange brains
  2 lindwurms
  20 deep elf zephyrmancers
  2 golden dragon skeletons (Zig:9)
  9 orc knights
  13 ironbound convokers
  12 deep elf archers
  A sphinx zombie (Zig:9)
  17 deep elf pyromancers
  11 harpies
  15 necromancers
  5 orange crystal statues
  A mana viper (shapeshifter) (Vaults:5)
  5 orc sorcerers
  14 shining eyes
  18 ugly things
  4 mana vipers
  8 salamanders
  6 cyclopes
  5 manticores
  8 fauns (Zig:14)
  2 fauns (shapeshifter)
  A worldbinder (Zig:17)
  A moth of wrath (Zig:10)
  4 elephants (Lair:5)
  4 guardian serpents
  A stone giant skeleton (Hell)
  3 eyes of devastation
  3 merfolk sirens (Zig:14)
  A guardian serpent (shapeshifter) (D:14)
  7 rust devils (Hell)
  2 apocalypse crabs (Zig:8)
  17 black mambas
  36 large abominations
  16 vault sentinels
  3 cane toads (Lair:5)
  7 water nymphs (Zig:14)
  23 smoke demons
  14 hellions
  8 molten gargoyles
  A torpor snail (Zig:18)
  4 centaur skeletons (Crypt:1)
  11 naga magi
  2 gargoyles (D:12)
  Maggie (D:6)
  7 orange demons (Pan)
  An alligator snapping turtle zombie (Crypt:1)
  8 demonic crawlers
  6 freezing wraiths
  An unseen horror (shapeshifter) (Vaults:5)
  8 tormentors
  4 efreet (Pan)
  2 ice statues
  3 rime drakes
  A red draconian zombie (Crypt:1)
  A yaktaur (shapeshifter) (Zig:8)
  4 guardian mummies (Zig:9)
  3 unseen horrors
  24 yaktaurs
  3 tengu conjurers
  5 hellwings (Pan)
  2 komodo dragons
  A mana viper zombie (Crypt:1)
  A yellow draconian skeleton (Crypt:2)
  8 ancient zymes
  3 ice devils
  11 trolls
  A sea snake skeleton (Crypt:1)
  A tyrant leech (Swamp:3)
  A harpy zombie (Hell)
  2 red devils (Pan)
  4 hornets
  3 meliai
  A meliai (shapeshifter) (D:15)
  9 raiju
  3 polar bears
  35 saltlings
  13 merfolk (Zig:14)
  A sphinx simulacrum (Depths:3)
  A nameless horror (Pan)
  6 dream sheep (Lair:5)
  115 slime creatures
  A harpy skeleton (Crypt:3)
  A frost giant simulacrum (Zig:12)
  A guardian serpent skeleton (Crypt:3)
  A snapping turtle (Zig:14)
  A jumping spider (Vaults:4)
  3 spriggans
  An ice dragon skeleton (Crypt:2)
  3 water elementals (Zig:14)
  10 ynoxinuls
  9 air elementals
  6 flying skulls
  2 vampires
  2 wyverns
  10 starcursed masses
  2 ushabtiu (Zig:9)
  8 wraiths
  A culicivora (shapeshifter) (Depths:3)
  A fire bat (Volcano)
  37 yaks
  A fire elemental (Elf:1)
  A basilisk (D:11)
  20 neqoxecs
  5 vampire mosquitoes
  5 chaos spawn
  11 golden eyes
  3 redbacks
  11 nagas
  A deep troll zombie (Crypt:2)
  5 swamp worms
  2 glowing shapeshifter zombies
  A demonspawn skeleton (Crypt:3)
  An acid dragon (D:13)
  5 hell hounds (Hell)
  4 water moccasins
  4 wargs
  3 floating eyes
  A fire bat skeleton (Crypt:1)
  29 orc warriors
  2 black bears
  A sky beast (D:6)
  A swamp drake (Swamp:4)
  9 ogres
  A black mamba simulacrum (Hell)
  9 wolves
  A golden eye zombie (Crypt:3)
  A centaur (shapeshifter) (Vaults:5)
  9 centaurs
  4 phantoms (Swamp:4)
  A vine stalker zombie (Crypt:2)
  2 kobold brigands
  3 bullfrogs
  An earth elemental (Zig:18)
  2 necrophages
  A cyclops skeleton (Crypt:2)
  3 wights
  3 killer bees (D:7)
  A polar bear skeleton (Crypt:3)
  An elephant simulacrum (Lair:5)
  4 howler monkeys
  A lava snake (Volcano)
  6 crimson imps (Pan)
  A jelly (D:4)
  4 orc priests (Orc:2)
  A gnoll bouda (D:9)
  A human skeleton (Crypt:3)
  15 orc wizards
  An iguana (D:4)
  4 hell rats (Hell)
  A lightning spire (Zig:19)
  A sky beast zombie (Crypt:3)
  13 small abominations (Abyss:4)
  A hound zombie (Crypt:2)
  7 mummies (Zig:9)
  An adder (D:4)
  3 gnolls
  A howler monkey skeleton (Crypt:1)
  A white imp (D:6)
  2 ufetubi
  A dart slug (D:5)
  38 orcs
  3 ball pythons
  A bat (D:2)
  2 endoplasms
  4 goblins
  3 hobgoblins
  A jackal (D:4)
  6 kobolds
  A quokka (D:4)
  A frilled lizard (D:2)
  A hobgoblin zombie (Crypt:2)
  2 rats (D:1)
  7 creeping infernos
  19 fire vortices
  2 lurking horrors (Geh:2)
  2 pillars of salt (Desolation)
  4 starspawn tentacles
2138 creatures vanquished.

Vanquished Creatures (collateral kills)
  Lom Lobon (Pan)
  Mara (Vaults:2)
  Vashnia (Snake:4)
  2 Tzitzimimeh (Pan)
  Jorgrun (D:13)
  Mlioglotl (Snake:1)
  The ghost of wingedge the Markstengu, an adept TeAE of Okawaru (Snake:2)
  A fenstrider witch (Swamp:3)
  Agnes (D:14)
  A tengu reaver (Vaults:5)
  The ghost of Yamstis the Nimble, an adept GnMo of Makhleb (D:15)
  7 nagarajas
  A deep elf sorcerer (Elf:1)
  A vault warden (Vaults:2)
  A frost giant (Vaults:5)
  An imperial myrmidon (Desolation)
  3 ghouls (Swamp:3)
  A curse skull (Pan)
  2 ironbound preservers
  A stone giant (Vaults:5)
  7 ironbound thunderhulks
  A bunyip (Swamp:2)
  An entropy weaver (Vaults:2)
  A deep elf annihilator (D:14)
  3 eleionomae
  A lorocyproca (Pan)
  9 dire elephants
  2 blizzard demons (Pan)
  2 crystal guardians (Desolation)
  A great orb of eyes (Vaults:1)
  2 ragged hierophants (Desolation)
  2 servants of whispers
  5 salamander tyrants (Snake:4)
  6 vault guards
  2 yaktaur captains
  An ogre mage (Vaults:5)
  2 peacekeepers (Desolation)
  3 boulder beetles
  6 hydras
  3 ghost crabs (Swamp:3)
  5 ironbound frosthearts
  9 anacondas
  6 centaur warriors
  A dancing weapon (Elf:1)
  3 alligators
  18 naga warriors
  3 two-headed ogres (Vaults:5)
  A death knight (D:15)
  A death scarab (Gauntlet)
  A tengu warrior (D:15)
  5 death yaks
  An orc high priest (Orc:2)
  A shock serpent (shapeshifter) (D:14)
  9 naga sharpshooters (Snake:4)
  4 shock serpents
  3 salamander mystics (Snake:3)
  2 soul eaters (Pan)
  3 goliath frogs
  2 spriggan druids (Swamp:2)
  9 skeletal warriors
  An orb spider (shapeshifter) (D:9)
  4 swamp dragons
  4 bog bodies
  5 ironbound convokers
  A spriggan rider (Swamp:3)
  7 harpies
  An obsidian statue (D:15)
  15 deep trolls
  5 lindwurms
  A deep elf archer (Elf:1)
  A harpy (shapeshifter) (D:13)
  2 spectral hydras (Swamp:4)
  5 deep elf pyromancers (Elf:1)
  4 deep elf zephyrmancers (Elf:1)
  8 naga ritualists
  2 orc knights (Vaults:1)
  A wolf spider (D:15)
  8 mana vipers
  An orc sorcerer (Orc:2)
  A phantasmal warrior (Swamp:4)
  3 salamanders
  5 manticores
  9 ugly things
  2 will-o-the-wisps (Swamp:4)
  A cyclops (D:14)
  6 elephants (Lair:5)
  4 guardian serpents
  A moth of wrath (shapeshifter) (D:14)
  26 black mambas
  3 vault sentinels
  4 cane toads
  An orange demon (Pan)
  9 naga magi
  A gargoyle (D:10)
  A molten gargoyle (Desolation)
  A yaktaur (Vaults:5)
  An unseen horror (D:12)
  4 swamp worm zombies (Swamp:4)
  An efreet (D:14)
  2 freezing wraiths
  A rime drake (Lair:5)
  2 komodo dragons
  2 tengu conjurers (D:14)
  3 trolls
  A bloated husk (Swamp:4)
  A merfolk (D:15)
  3 hydra zombies (Swamp:4)
  6 meliai
  3 tyrant leeches
  7 hornets
  A spectral elephant (Lair:5)
  22 saltlings
  An alligator zombie (Swamp:4)
  An air elemental (Elf:1)
  14 slime creatures
  5 spriggans
  12 yaks
  2 fire bats (Volcano)
  A wyvern (D:8)
  2 wraiths (D:9)
  A basilisk (Lair:1)
  2 neqoxecs (Pan)
  39 nagas
  4 swamp worms
  3 wargs
  2 acid dragons
  16 water moccasins
  2 swamp drakes
  10 orc warriors
  2 black bears
  6 ogres
  3 swamp dragon zombies (Swamp:4)
  3 phantoms (Swamp:4)
  6 centaurs
  3 bullfrogs
  An earth elemental (Elf:1)
  2 necrophages
  4 scorpions
  16 wights
  5 killer bees (D:7)
  5 howler monkeys
  A lava snake (Volcano)
  A gnoll bouda (Lair:5)
  8 orc priests
  Jessica (D:2)
  9 orc wizards
  3 hell rats (Lair:4)
  4 iguanas
  2 spectral swamp drakes (Swamp:4)
  Robin (D:2)
  12 gnolls
  A swamp drake zombie (Swamp:4)
  3 adders
  A shadow imp (D:7)
  2 white imps (D:5)
  28 orcs
  An endoplasm (D:1)
  2 giant cockroaches (D:1)
  10 goblins
  5 hobgoblins
  A jackal (D:4)
  2 quokkas
  3 ball pythons (D:1)
  A bat (D:1)
  14 kobolds
  2 rats (D:1)
  2 pillars of salt (Orc:2)
684 creatures vanquished.

Vanquished Creatures (others)
  A bone dragon (Swamp:4)
  A lich (Pan)
  The ghost of Yamstis the Nimble, an adept GnMo of Makhleb (D:15)
  A fire giant (Geh:7)
  A deep elf annihilator (Pan)
  A green death (Pan)
  A peacekeeper (Desolation)
  A rakshasa (Pan)
  A spriggan (Swamp:1)
  A sixfirhy (Pan)
  A lindwurm (Lair:3)
  A spectral hydra (Swamp:4)
  3 elephants (Lair:5)
  A dire elephant skeleton (Lair:5)
  2 black mambas
  A komodo dragon (Lair:5)
  A hydra zombie (Swamp:4)
  5 bloated husks
  A tyrant leech (Swamp:3)
  3 saltlings (Desolation)
  A hornet (Swamp:1)
  A slime creature (D:15)
  4 yaks
  A chaos spawn (Pan)
  A spectral cane toad (Lair:5)
  A swamp worm (Swamp:1)
  A sky beast (D:7)
  2 ogres
  2 necrophages (D:5)
  A gnoll sergeant (D:6)
  2 wights (D:6)
  An iguana (D:6)
  2 orc wizards
  A hell rat (Lair:4)
  2 swamp drake zombies (Swamp:4)
  An ufetubus (D:6)
  12 ball lightnings (Pan)
  3 creeping infernos (Geh:2)
  8 foxfires (Swamp:4)
  25 fungi
  3 lurking horrors (Geh:2)
  5 pillars of salt
  40 plants
  4 starspawn tentacles
  32 withered plants
185 creatures vanquished.

Grand Total: 3007 creatures vanquished

Notes
Turn   | Place    | Note
-------+----------+-------------------------------------------
     0 | D:1      | iguanaiguana the Vampire Summoner began the quest for the
                  | Orb.
     0 | D:1      | Reached XP level 1. HP: 13/13 MP: 3/3
   141 | D:1      | Reached XP level 2. HP: 19/19 MP: 1/5
   163 | D:2      | Noticed Robin
   295 | D:1      | Learned a level 2 spell: Call Imp
   535 | D:2      | Noticed Jessica
   597 | D:1      | Reached skill level 5 in Summonings
   597 | D:1      | Gained mutation: You are afflicted with vampirism and can
                  | become a bat while bloodless. [Vampire growth]
   597 | D:1      | Reached XP level 3. HP: 19/24 MP: 1/6
   750 | D:2      | Found a hide-covered altar of Uskayaw.
   824 | D:2      | Killed Robin
   922 | D:2      | Killed Jessica
   923 | D:2      | Reached XP level 4. HP: 27/30 MP: 2/7
   958 | D:2      | Upgraded the game from 0.29-a0-887-gcbe080d7e0 to
                  | 0.29-a0-892-g2c4c91d9db
   962 | D:2      | Learned a level 3 spell: Call Canine Familiar
  1481 | D:3      | Reached skill level 1 in Hexes
  1485 | D:3      | Found a faded altar of an unknown god.
  1558 | D:3      | Identified the +2 falchion of Urgency {vorpal, rCorr}
  1628 | D:5      | Entered Level 5 of the Dungeon
  1659 | D:4      | Found a sparkling altar of Nemelex Xobeh.
  1664 | D:4      | Found a shadowy altar of Dithmenos.
  1669 | D:4      | Found a broken altar of Ashenzari.
  1684 | D:4      | Found a basalt altar of Yredelemnul.
  1692 | D:4      | Became a worshipper of Ashenzari the Shackled
  1822 | D:4      | Reached XP level 5. HP: 35/35 MP: 3/8
  1826 | D:4      | Learned a level 3 spell: Summon Guardian Golem
  2039 | D:4      | Reached XP level 6. HP: 41/41 MP: 6/11
  2349 | D:6      | Reached skill level 1 in Short Blades
  2350 | D:6      | Reached XP level 7. HP: 38/46 MP: 2/13
  2359 | D:6      | Reached skill level 1 in Fighting
  2478 | D:5      | Reached XP level 8. HP: 58/58 MP: 9/14
  2563 | D:5      | Reached skill level 5 in Short Blades
  2715 | D:6      | Reached skill level 5 in Fighting
  2734 | D:6      | Reached XP level 9. HP: 62/69 MP: 8/15
  2821 | D:6      | Reached skill level 1 in Air Magic
  2868 | D:6      | Found a snail-covered altar of Cheibriados.
  2903 | D:6      | Noticed Maggie
  3101 | D:6      | Learned a level 4 spell: Summon Lightning Spire
  3109 | D:6      | Reached * piety under Ashenzari
  3186 | D:6      | Killed Maggie
  3400 | D:7      | Reached skill level 1 in Throwing
  3420 | D:7      | Reached XP level 10. HP: 60/80 MP: 7/17
  3427 | D:7      | Found a staircase to the Ecumenical Temple.
  3446 | D:7      | Reached skill level 5 in Throwing
  3508 | D:7      | Reached ** piety under Ashenzari
  3711 | D:8      | Identified the +1 scale mail of the Wonderful God {rPois
                  | Will+ Dex+5}
  3763 | D:8      | Noticed a two-headed ogre
  3780 | D:8      | Killed a two-headed ogre
  3800 | D:8      | Reached skill level 5 in Stealth
  3806 | D:8      | Found a staircase to the Lair.
  3847 | D:8      | Reached skill level 5 in Dodging
  3896 | D:8      | Found an iron altar of Okawaru.
  3896 | D:8      | Found an ornate altar of the Wu Jian Council.
  3994 | D:9      | Reached skill level 1 in Armour
  4187 | D:9      | Found a transporter.
  4190 | D:9      | Noticed a five-headed hydra
  4194 | D:9      | Noticed a manticore
  4254 | D:9      | Reached XP level 11. HP: 87/87 MP: 2/18
  4268 | D:9      | Found a staircase to the Orcish Mines.
  4271 | D:9      | Found a transporter.
  4275 | D:9      | Noticed a six-headed hydra
  4303 | D:10     | Entered Level 10 of the Dungeon
  4342 | D:9      | Reached *** piety under Ashenzari
  4501 | D:10     | Found a hide-covered altar of Uskayaw.
  4542 | D:9      | Reached skill level 10 in Stealth
  4707 | Lair:1   | Entered Level 1 of the Lair of Beasts
  4925 | Lair:2   | Found a dark tunnel.
  4942 | Volcano  | Entered a volcano
  5010 | Lair:2   | Noticed a five-headed hydra
  5178 | Lair:2   | Learned a level 3 spell: Mephitic Cloud
  5187 | Lair:2   | Killed a five-headed hydra
  5188 | Lair:2   | Reached skill level 1 in Poison Magic
  5230 | Lair:2   | Noticed a lindwurm
  5266 | Lair:2   | Reached skill level 1 in Conjurations
  5283 | Lair:2   | Found a runed translucent gate.
  5283 | Lair:2   | Found a runed translucent gate.
  5283 | Lair:2   | Found a runed translucent gate.
  5285 | Lair:2   | Noticed SirDiesAlot's ghost (journeyman DEEE)
  5285 | Lair:2   | Noticed wrshamilton's ghost (journeyman HuEE)
  5296 | Lair:2   | Noticed Veterankin's ghost (journeyman HOFi)
  5305 | Lair:2   | Noticed Jackthecabe's ghost (journeyman GnWn)
  5326 | Lair:2   | Reached **** piety under Ashenzari
  5496 | Lair:2   | Reached skill level 1 in Ice Magic
  5509 | Lair:2   | Reached skill level 2 in Ice Magic
  5586 | Lair:2   | Noticed a five-headed hydra
  5591 | Lair:2   | Killed a five-headed hydra
  5592 | Lair:2   | Reached skill level 3 in Ice Magic
  5592 | Lair:2   | Reached XP level 12. HP: 98/98 MP: 20/20
  5598 | Lair:2   | Learned a level 5 spell: Freezing Cloud
  5637 | Lair:2   | Reached skill level 4 in Ice Magic
  5652 | Lair:2   | Noticed jimonade's ghost (journeyman GnHW)
  5684 | Lair:3   | Noticed a seven-headed hydra
  5689 | Lair:3   | Noticed a boulder beetle
  5706 | Lair:3   | Killed a boulder beetle
  5849 | Lair:3   | Found a staircase to the Snake Pit.
  5858 | Lair:3   | Found a staircase to the Swamp.
  5922 | Lair:3   | Killed a seven-headed hydra
  5955 | Lair:3   | Noticed Sonja
  5977 | Lair:3   | Noticed Sonja
  5977 | Lair:3   | Sonja changed into Sonja the unseen horror
  5983 | Lair:3   | Killed Sonja the unseen horror
  6161 | Lair:4   | Reached skill level 5 in Ice Magic
  6164 | Lair:4   | Reached skill level 5 in Air Magic
  6211 | Lair:4   | Noticed a catoblepas
  6240 | Lair:4   | Killed a catoblepas
  6269 | Lair:4   | Found a viscous altar of Jiyva.
  6269 | Lair:4   | Found a staircase to the Slime Pits.
  6299 | Lair:5   | Entered Level 5 of the Lair of Beasts
  6315 | Lair:5   | Noticed a six-headed hydra
  6387 | Lair:5   | Noticed a death yak
  6407 | Lair:5   | Noticed a death yak
  6407 | Lair:5   | Noticed a death yak
  6411 | Lair:5   | Noticed a death yak
  6423 | Lair:5   | Found a gate leading to a gauntlet.
  6432 | Gauntlet | Entered a Gauntlet
  6432 | Gauntlet | Found a transporter.
  6439 | Gauntlet | Found a transporter.
  6439 | Gauntlet | Identified the +2 ring mail of Tenacity {*Corrode Str+8
                  | SInv}
  6441 | Gauntlet | Found a transporter.
  6456 | Gauntlet | Found a transporter.
  6457 | Gauntlet | Found a transporter.
  6466 | Gauntlet | Found a transporter.
  6466 | Gauntlet | Identified the +10 mace "Poidumo" {freeze, rElec}
  6482 | Gauntlet | Found a transporter.
  6484 | Gauntlet | Identified the ring of Dawez {Drain MP+9 Int+6 Dex+7
                  | Slay+2}
  6491 | Gauntlet | Noticed a hell beast
  6492 | Gauntlet | Found a transporter.
  6502 | Gauntlet | Found a transporter.
  6502 | Gauntlet | Noticed a death scarab
  6509 | Gauntlet | Noticed a death scarab
  6519 | Gauntlet | Found a transporter.
  6527 | Gauntlet | Found a runed translucent door.
  6528 | Gauntlet | Found a transporter.
  6529 | Gauntlet | Found a runed translucent door.
  6529 | Gauntlet | Identified the ring "Vuzesm" {rC+ Will+ Int+4 Dex-5 SInv}
  6530 | Gauntlet | Found a transporter.
  6603 | Gauntlet | Reached skill level 6 in Ice Magic
  6640 | Gauntlet | Found a transporter.
  6768 | Gauntlet | Killed a death scarab
  6769 | Gauntlet | Reached skill level 7 in Ice Magic
  6854 | Gauntlet | Identified the +9 dagger of Omiudor {spect, rPois rF+
                  | Dex+3}
  6854 | Gauntlet | Noticed a minotaur
  6872 | Gauntlet | Identified the ring of the Rose {rCorr Int+6}
  6879 | Lair:5   | Noticed a death yak
  7088 | Lair:4   | Reached skill level 8 in Ice Magic
  7299 | Lair:4   | Killed a death yak
  7300 | Lair:4   | Reached XP level 13. HP: 56/103 MP: 6/21
  7375 | Lair:4   | Found the macabre finger necklace {rN+}
  7507 | Lair:4   | Reached skill level 9 in Ice Magic
  7796 | Lair:5   | Reached skill level 10 in Ice Magic
  8009 | Lair:5   | Reached skill level 5 in Spellcasting
  8127 | Lair:5   | Noticed a dire elephant
  8141 | Lair:5   | Noticed a dire elephant
  8147 | Lair:5   | Killed a dire elephant
  8153 | Lair:5   | Upgraded the game from 0.29-a0-892-g2c4c91d9db to
                  | 0.29-a0-902-g0f71de6fce
  8294 | Lair:5   | Reached skill level 1 in Necromancy
  8301 | Lair:5   | Learned a level 6 spell: Simulacrum
  8301 | Lair:5   | Upgraded the game from 0.29-a0-902-g0f71de6fce to
                  | 0.29-a0-911-g88e6f02907
  8421 | Lair:5   | Killed a dire elephant
  8635 | Lair:5   | Reached skill level 5 in Necromancy
  8914 | D:11     | Reached XP level 14. HP: 109/111 MP: 3/26
  9099 | D:11     | Found a shimmering blue altar of Sif Muna.
  9297 | D:11     | Noticed Lodul
  9307 | D:11     | Killed Lodul
  9397 | D:11     | Reached ***** piety under Ashenzari
  9506 | D:12     | Reached skill level 10 in Fighting
  9513 | D:12     | Found a blossoming altar of Fedhas.
  9577 | D:13     | Found an ornate altar of the Wu Jian Council.
 10013 | Orc:1    | Entered Level 1 of the Orcish Mines
 10125 | Orc:2    | Entered Level 2 of the Orcish Mines
 10125 | Orc:2    | Identified the +3 whip of the Dark Horse {vorpal, rElec rF-
                  | Will++}
 10125 | Orc:2    | Found a burning altar of Makhleb.
 10293 | Orc:2    | Noticed Snorg
 10304 | Orc:2    | Killed Snorg
 10593 | Orc:2    | Found Voli's Jewellery Shop.
 10713 | Orc:2    | Found a staircase to the Elven Halls.
 10840 | Orc:2    | Reached skill level 11 in Ice Magic
 10846 | Orc:2    | Found Tycaic's Weapon Shop.
 10921 | Orc:2    | Found Vazxac's General Store.
 10928 | Orc:2    | Found Cimelu's Weapon Shoppe.
 10967 | Orc:2    | Reached skill level 12 in Ice Magic
 10970 | Orc:2    | Found Enof's Assorted Antiques.
 10988 | Orc:2    | Bought a scroll of enchant armour for 285 gold pieces
 11006 | Orc:2    | Bought a scroll of amnesia for 64 gold pieces
 11006 | Orc:2    | Bought a potion of brilliance for 64 gold pieces
 11006 | Orc:2    | Bought a scroll of poison for 64 gold pieces
 11073 | Orc:2    | Bought the amulet "Ycwe" {RegenMP rF++ rC-} for 712 gold
                  | pieces
 11274 | Orc:2    | Bought the ring of Bughokoj {Ice rPois Will- Int+3} for 574
                  | gold pieces
 11402 | Swamp:1  | Entered Level 1 of the Swamp
 11518 | Swamp:2  | Reached XP level 15. HP: 112/135 MP: 15/29
 11598 | Swamp:3  | Noticed a fenstrider witch
 11719 | Swamp:2  | Reached skill level 13 in Ice Magic
 11977 | Swamp:3  | Killed a fenstrider witch
 11978 | Swamp:3  | Reached skill level 14 in Ice Magic
 12100 | Swamp:4  | Entered Level 4 of the Swamp
 12100 | Swamp:4  | Noticed a fenstrider witch
 12101 | Swamp:4  | Killed a fenstrider witch
 12134 | Swamp:4  | Reached skill level 15 in Ice Magic
 12460 | Swamp:4  | Reached skill level 16 in Ice Magic
 12539 | Swamp:4  | Noticed a bone dragon
 12848 | Swamp:4  | Killed a bone dragon
 12998 | Swamp:4  | Got a decaying rune of Zot
 13108 | Snake:1  | Entered Level 1 of the Snake Pit
 13331 | Snake:2  | Reached skill level 1 in Shields
 13345 | Snake:2  | Reached XP level 16. HP: 109/147 MP: 4/32
 13451 | Snake:2  | Reached skill level 5 in Shields
 13494 | Snake:2  | Found a transporter.
 13496 | Snake:2  | Noticed wingedge's ghost (adept TeAE)
 13497 | Snake:2  | Found a transporter.
 13562 | Snake:2  | Found the +9 staff of Wucad Mu {*channel}
 13647 | Snake:2  | Killed wingedge's ghost
 13964 | Snake:3  | Found a transporter.
 13965 | Snake:3  | Found a radiant altar of Vehumet.
 13965 | Snake:3  | Identified the Handbook of Polar Blasts
 14028 | Snake:3  | Found Suech's Book Shoppe.
 14029 | Snake:3  | Found Gavyxev's Jewellery Shop.
 14029 | Snake:3  | Found Leecwett's Jewellery Shop.
 14200 | Snake:3  | Learned a level 1 spell: Apportation
 14232 | Snake:3  | Found a transporter.
 14276 | Snake:3  | Found Fiolis's Armour Shop.
 14280 | Snake:3  | Bought a +2 helmet of intelligence for 387 gold pieces
 14420 | Snake:4  | Entered Level 4 of the Snake Pit
 14461 | Snake:4  | Reached skill level 10 in Dodging
 14478 | Snake:4  | Reached XP level 17. HP: 149/151 MP: 7/35
 14508 | Snake:4  | Found a flickering gateway to a bazaar.
 14514 | Bazaar   | Entered a bazaar
 14514 | Bazaar   | Found Pustriedd's Antique Weapon Shoppe.
 14514 | Bazaar   | Found Tidgheac's Antique Armour Emporium.
 14518 | Bazaar   | Found Does's Antique Armour Emporium.
 14532 | Bazaar   | Found Mitrixye's Antique Armour Shoppe.
 14554 | Bazaar   | Bought a pair of spiked boots for 332 gold pieces
 14554 | Bazaar   | Identified the +0 pair of boots of Yredelemnul's Delight
                  | {rN+} (You bought it in a shop in a bazaar)
 14693 | Snake:4  | Noticed Vashnia
 14714 | Snake:4  | Killed Vashnia
 14850 | Snake:4  | Found Miceam's General Store.
 14871 | Snake:4  | Found Iklufuw's Assorted Antiques.
 14953 | Snake:4  | Reached skill level 15 in Dodging
 15122 | Snake:4  | Got a serpentine rune of Zot
 15273 | Snake:3  | Reached skill level 17 in Ice Magic
 15376 | Snake:1  | Found a runed translucent gate.
 15376 | Snake:1  | Found a runed translucent gate.
 15376 | Snake:1  | Found a runed translucent gate.
 15481 | Snake:1  | Noticed Mlioglotl
 15489 | Snake:1  | Killed Mlioglotl
 15665 | Snake:1  | Identified the +9 spear of Bloody Death {speed, Str+6
                  | Stlth+}
 15739 | Snake:4  | Bought a potion of haste for 120 gold pieces
 15739 | Snake:4  | Bought a wand of digging (3) for 151 gold pieces
 15896 | Lair:2   | Learned a level 9 spell: Polar Vortex
 16130 | D:9      | Reached skill level 18 in Ice Magic
 16353 | D:13     | Noticed Jorgrun
 16366 | D:13     | Reached XP level 18. HP: 137/160 MP: 18/37
 16366 | D:13     | Killed Jorgrun
 16367 | D:13     | Reached skill level 5 in Evocations
 16415 | D:13     | Found Pechepy's Magic Scroll Shoppe.
 16423 | D:13     | Bought a scroll of teleportation for 57 gold pieces
 16589 | D:13     | Found a gate to the Vaults.
 16589 | D:13     | Identified the Opusculum on Ozone and Conjuring
 16683 | D:14     | Found Ocsogycs's Antique Weapon Shoppe.
 16704 | D:14     | Noticed Agnes
 16709 | D:14     | Killed Agnes
 16715 | D:14     | Found Koxeduosk's Magic Scroll Shop.
 16750 | D:14     | Bought a scroll of summoning for 104 gold pieces
 16750 | D:14     | Bought a scroll of blinking for 82 gold pieces
 16765 | D:14     | Identified Jibao's Writings on Shivering Breath
 16831 | D:14     | Found Kyen Woa's Antique Weapon Shop.
 16837 | D:14     | Found Wucotza's Jewellery Boutique.
 16841 | D:14     | Bought a shimmering war axe for 195 gold pieces
 16841 | D:14     | Identified the +5 war axe of Execution {freeze, rCorr} (You
                  | bought it in a shop on level 14 of the Dungeon)
 16850 | D:14     | Found Yniotol's Weapon Emporium.
 16926 | D:14     | Reached skill level 1 in Translocations
 16979 | D:15     | Entered Level 15 of the Dungeon
 16979 | D:15     | Found Cohuofee's Antique Weapon Boutique.
 17103 | D:15     | Noticed Yamstis's ghost (adept GnMo)
 17112 | D:15     | Noticed Yamstis's ghost (adept GnMo)
 17137 | D:15     | Found a transporter.
 17139 | D:15     | Found a transporter.
 17230 | D:15     | Killed Yamstis's ghost
 17230 | D:15     | Killed Yamstis's ghost
 17275 | D:15     | Identified the +7 spear of Defiance {vorpal, rElec Str+3
                  | Int+7}
 17408 | D:15     | Found a staircase to the Depths.
 17445 | D:15     | Noticed Rupert
 17460 | D:15     | Killed Rupert
 17759 | Elf:1    | Entered Level 1 of the Elven Halls
 17833 | Elf:1    | Found a flickering gateway to a bazaar.
 17853 | Bazaar   | Entered a bazaar
 17853 | Bazaar   | Found Ocsiun's Antique Armour Emporium.
 17857 | Bazaar   | Found Guilidwaz's Book Emporium.
 17872 | Bazaar   | Found Atuatimm's Antique Armour Boutique.
 17884 | Bazaar   | Found Ugacethru's Magic Scroll Emporium.
 17889 | Bazaar   | Bought a scroll of summoning for 114 gold pieces
 17889 | Bazaar   | Bought a scroll of blinking for 90 gold pieces
 17889 | Bazaar   | Bought a scroll of enchant armour for 90 gold pieces
 17917 | Bazaar   | Found Jodaopt's Armour Shop.
 18024 | Elf:1    | Reached skill level 1 in Staves
 18101 | Elf:1    | Identified the Tome of the Barrage and Mustering
 18662 | Vaults:1 | Entered Level 1 of the Vaults
 18735 | Vaults:1 | Reached ****** piety under Ashenzari
 18741 | Vaults:1 | Reached XP level 19. HP: 94/174 MP: 40/40
 19043 | Vaults:1 | Reached skill level 19 in Ice Magic
 19185 | Vaults:2 | Noticed Mara
 19201 | Vaults:2 | Noticed iguanaiguana's illusion
 19203 | Vaults:2 | Killed Mara
 19397 | Vaults:2 | Found a crumbling gateway.
 19482 | Desolati | Entered the Desolation of Salt
 19517 | Desolati | Reached skill level 20 in Ice Magic
 19640 | Desolati | Identified the ring of Butchery {rPois rC+ Str-4 SInv}
 19713 | Desolati | Identified the ring of Springtime {Contam rF- rC+++ Int+8
                  | SInv}
 19793 | Desolati | Identified the Tome of Glory
 19809 | Desolati | Identified the +2 pair of gloves of Contentment {Drain rF+
                  | rC+++ Str-2}
 19918 | Desolati | Reached skill level 21 in Ice Magic
 19923 | Desolati | Identified the ring "Koosoiwyw" {Ice rPois rCorr Dex+2}
 19924 | Desolati | Found the +8 storm bow {elec, penet}
 20235 | Vaults:2 | Reached skill level 10 in Spellcasting
 20657 | Vaults:2 | Reached XP level 20. HP: 180/180 MP: 33/41
 20900 | Vaults:3 | Reached skill level 22 in Ice Magic
 21196 | Vaults:3 | Found a staircase to the Crypt.
 21230 | Vaults:3 | Reached skill level 1 in Earth Magic
 21231 | Vaults:3 | Reached skill level 1 in Transmutations
 21504 | Vaults:3 | Learned a level 6 spell: Statue Form
 21535 | Vaults:3 | Identified the cursed +2 pair of boots of Ashenzari's Loss
                  | {Fly, Comp, Fort} (You found it on level 1 of the Dungeon)
 21535 | Vaults:3 | Identified the cursed +2 robe of the Stellar Sage
                  | {Archmagi, Alch, Comp} (You took it off Jessica on level 2
                  | of the Dungeon)
 21699 | Vaults:3 | Reached skill level 5 in Earth Magic
 21975 | Vaults:4 | Reached skill level 5 in Transmutations
 22495 | Crypt:1  | Entered Level 1 of the Crypt
 22577 | Crypt:2  | Reached XP level 21. HP: 166/181 MP: 35/41
 22684 | Crypt:3  | Entered Level 3 of the Crypt
 22746 | Crypt:3  | Paralysed by a Zot trap for 3 turns
 22752 | Crypt:3  | Noticed a dread lich
 22825 | Crypt:2  | Found an ancient bone altar of Kikubaaqudgha.
 23002 | Crypt:3  | Identified the +2 shortbow of Oluz {freeze, rPois}
 23010 | Crypt:3  | Noticed an ancient lich
 23029 | Crypt:3  | Killed a dread lich
 23053 | Crypt:3  | Identified the +7 long sword "Geonnit" {freeze, rElec SInv}
 23056 | Crypt:3  | Identified the ring "Uthiatam" {rN+ Will+ Int+4}
 23056 | Crypt:3  | Identified the ring of Ihoxicw {rC+ rN+}
 23754 | Vaults:5 | Entered Level 5 of the Vaults
 23754 | Vaults:5 | Identified the ring of Ytasorch {Will+ Str+2}
 23777 | Vaults:5 | Noticed an ancient lich
 23791 | Vaults:5 | Killed an ancient lich
 23792 | Vaults:5 | Reached skill level 23 in Ice Magic
 23899 | Vaults:5 | Noticed a golden dragon
 23919 | Vaults:5 | Killed a golden dragon
 23989 | Vaults:5 | Reached skill level 10 in Earth Magic
 24029 | Vaults:5 | Reached XP level 22. HP: 55/185 MP: 39/47
 24090 | Vaults:5 | Identified the +5 morningstar of Inquiry {vorpal, rPois}
 24137 | Vaults:5 | Identified the amulet "Xuqyexk Jabb" {Faith Dex+4}
 24137 | Vaults:5 | Noticed a dread lich
 24317 | Vaults:5 | Identified the +7 war axe "Buel" {venom, Fragile rN+ MP+9
                  | Int+7}
 24369 | Vaults:5 | Identified the +7 war axe of Yclibb {venom, Int+3}
 24437 | Vaults:5 | Learned a level 6 spell: Iron Shot
 24448 | Vaults:5 | Identified the ring "Qiosed" {rPois Int+4}
 24511 | Vaults:5 | Identified the +9 sling of Wariness {freeze, Dex+3}
 24577 | Vaults:5 | Got a silver rune of Zot
 24588 | Vaults:5 | Learned a level 9 spell: Shatter
 24592 | Vaults:5 | Killed a dread lich
 24866 | Vaults:4 | Upgraded the game from 0.29-a0-911-g88e6f02907 to
                  | 0.29-a0-919-gd064cfad1c
 25290 | Slime:1  | Entered Level 1 of the Pits of Slime
 25319 | Slime:2  | Reached skill level 10 in Necromancy
 25362 | Slime:5  | Entered Level 5 of the Pits of Slime
 25417 | Slime:4  | Reached XP level 23. HP: 200/200 MP: 36/48
 25516 | Slime:5  | Noticed the Royal Jelly
 25523 | Slime:5  | Killed the Royal Jelly
 25550 | Slime:5  | Identified the ring of the Heavens {Wiz rElec rC+ rN+
                  | rCorr}
 25567 | Slime:5  | Got a slimy rune of Zot
 25583 | Slime:5  | Identified the +2 morningstar "Spiderslayer" {speed, *Rage
                  | rElec Will+++ Dex-2}
 25593 | Slime:5  | Learned a level 2 spell: Passwall
 25596 | Slime:5  | Learned a level 2 spell: Blink
 25797 | Snake:3  | Bought the Discursus on Metamorphic Exhumation for 660 gold
                  | pieces
 26052 | D:13     | Bought a scroll of immolation for 76 gold pieces
 26052 | D:13     | Bought a scroll of immolation for 76 gold pieces
 26072 | D:14     | Bought a scroll of immolation for 44 gold pieces
 26072 | D:14     | Bought a scroll of amnesia for 44 gold pieces
 26072 | D:14     | Bought a scroll of butterflies for 44 gold pieces
 26072 | D:14     | Bought a scroll of silence for 104 gold pieces
 26315 | Elf:2    | Reached skill level 15 in Earth Magic
 26440 | Elf:2    | Found a runed translucent gate.
 26441 | Elf:2    | Found a runed translucent gate.
 26442 | Elf:2    | Found a runed translucent gate.
 26487 | Elf:2    | Found Atroh's Armour Emporium.
 26499 | Elf:3    | Entered Level 3 of the Elven Halls
 26579 | Elf:3    | Identified Xaimiuwu's Cyclopedia of the Dislocated Caves
 26586 | Elf:3    | Identified Lotwig's Octavo of Crystalline Leadership
 26594 | Elf:3    | Identified the +8 short sword of Brutal Revenge {speed,
                  | +Blink rPois}
 26675 | Elf:3    | Identified the +11 short sword "Voell" {vorpal, rElec rN+
                  | Will+}
 26744 | Elf:3    | Identified the Grimoire of Vapour and Iniquitous Arts
 26744 | Elf:3    | Identified the Volume of Ignition and the Wind
 27094 | Depths:1 | Entered Level 1 of the Depths
 27144 | D:15     | Learned a level 5 spell: Borgnjor's Vile Clutch
 27150 | D:15     | Learned a level 5 spell: Irradiate
 27199 | Depths:1 | Found a gateway to Hell.
 27270 | Depths:2 | Found Ywicloon's Magic Scroll Emporium.
 27276 | Depths:2 | Found Fiuloez's Armour Emporium.
 27279 | Depths:2 | Bought a scroll of amnesia for 52 gold pieces
 27279 | Depths:2 | Bought a scroll of teleportation for 39 gold pieces
 27279 | Depths:2 | Bought a scroll of teleportation for 39 gold pieces
 27329 | Depths:2 | Found a one-way gate to the infinite horrors of the Abyss.
 27346 | Depths:2 | Voluntarily entered the Abyss.
 27570 | Abyss:4  | Gained mutation: You occasionally lose the ability to drink
                  | potions when taking damage. [a cacodemon]
 27576 | Abyss:4  | Gained mutation: Your movements are slightly less
                  | encumbered by armour. (ER -2) [a cacodemon]
 27580 | Abyss:4  | Got an abyssal rune of Zot
 27581 | Abyss:4  | Reached XP level 24. HP: 175/202 MP: 8/47
 27584 | Depths:2 | Escaped the Abyss
 27609 | Depths:3 | Identified the +2 leather armour of the Trout {rF++}
 27633 | Depths:3 | Noticed Saint Roka
 27634 | Depths:4 | Entered Level 4 of the Depths
 27634 | Depths:4 | Found a one-way gateway to a ziggurat.
 27722 | Depths:4 | Lost mutation: You occasionally lose the ability to drink
                  | potions when taking damage. [potion of mutation]
 27722 | Depths:4 | Lost mutation: Your movements are slightly less encumbered
                  | by armour. (ER -2) [potion of mutation]
 27722 | Depths:4 | Gained mutation: Your magical capacity is low. (-10% MP)
                  | [potion of mutation]
 27722 | Depths:4 | Gained mutation: You are robust. (+10% HP) [potion of
                  | mutation]
 27823 | Zig:1    | Entered Level 1 of a ziggurat
 27823 | Zig:1    | Noticed Roaqyem the pandemonium lord
 27827 | Zig:1    | Killed Roaqyem the pandemonium lord
 27855 | Zig:2    | Entered Level 2 of a ziggurat
 27872 | Zig:3    | Entered Level 3 of a ziggurat
 27872 | Zig:3    | Noticed Osokkil the pandemonium lord
 27872 | Zig:3    | Identified the +0 chain mail of Xoce Topemio {Stlth+}
 27872 | Zig:3    | Identified the ring of Contentment {MP+9 Str+4 Stlth+}
 27879 | Zig:3    | Killed Osokkil the pandemonium lord
 27889 | Zig:4    | Entered Level 4 of a ziggurat
 27890 | Zig:4    | Identified the ring "Tibacuq" {Will++ Str-2 Dex+6 Slay+2}
 27904 | Zig:5    | Entered Level 5 of a ziggurat
 27905 | Zig:5    | Identified the Directory of the Salvo
 27906 | Zig:5    | Identified the +6 falchion of the Tiger {freeze, rF++ MP+9}
 27922 | Zig:6    | Entered Level 6 of a ziggurat
 27926 | Zig:6    | Identified the +6 rapier of Ruination {venom, *Noise rF+
                  | Stlth+}
 27939 | Zig:7    | Entered Level 7 of a ziggurat
 27945 | Zig:7    | Identified the +4 scimitar of Strategic Superiority
                  | {vorpal, Int+3}
 27949 | Zig:7    | Identified the +12 morningstar of Traps {drain, Int+6}
 27973 | Zig:7    | Reached XP level 25. HP: 174/228 MP: 27/42
 27975 | Zig:8    | Entered Level 8 of a ziggurat
 27980 | Zig:8    | Noticed a Killer Klown
 27981 | Zig:8    | Noticed a Killer Klown
 27981 | Zig:8    | Noticed Paottu Vagos the pandemonium lord
 27989 | Zig:8    | Reached skill level 10 in Evocations
 27989 | Zig:8    | Killed a Killer Klown
 27992 | Zig:8    | Killed Paottu Vagos the pandemonium lord
 28000 | Zig:8    | Killed a Killer Klown
 28005 | Zig:8    | Identified the ring "Yfusafoc" {rElec rF+ rC- Int+6}
 28140 | Zig:9    | Entered Level 9 of a ziggurat
 28154 | Zig:9    | Identified the +5 long sword "Zotuses" {flame, rN+ Int+4}
 28176 | Zig:9    | Reached XP level 26. HP: 96/235 MP: 42/42
 28414 | Zig:10   | Entered Level 10 of a ziggurat
 28426 | Zig:10   | Identified the +3 buckler "Sibixoe" {SInv}
 28439 | Zig:11   | Entered Level 11 of a ziggurat
 28488 | Zig:11   | Identified the +7 flail "Santoul" {flame, Dex+4}
 28488 | Zig:11   | Identified the +1 leather armour "Hoeruu" {rF+ Will+ Dex-2}
 28489 | Zig:11   | Identified the +2 cloak of Rotation {Int+3}
 28489 | Zig:11   | Identified the Meditations on Ignition
 28678 | Zig:12   | Entered Level 12 of a ziggurat
 28687 | Zig:12   | Found the +5 robe of Misfortune {Harm *Corrode *Slow EV+5}
 28690 | Zig:12   | Identified the +7 sling of Light {vorpal, rElec rF+ Dex+4}
 28692 | Zig:12   | Paralysed by a wendigo for 1 turns
 28707 | Zig:12   | Reached XP level 27. HP: 186/199 MP: 26/42
 28711 | Zig:13   | Entered Level 13 of a ziggurat
 28725 | Zig:13   | Identified the +5 flail of Big Damage {venom, rElec rC-
                  | rN+}
 28725 | Zig:13   | Identified the +10 spear "Zusuel" {flame, Fly}
 28727 | Zig:13   | Identified the Directory of the Salamander
 28729 | Zig:13   | Gained mutation: You are dopey. (Int -2) [a shining eye]
 28733 | Zig:13   | Reached skill level 15 in Spellcasting
 28824 | Zig:14   | Entered Level 14 of a ziggurat
 28841 | Zig:14   | Identified the +3 trident of Kecoimp {venom, rF+ Int+5}
 28841 | Zig:14   | Identified the +7 chain mail "Zuh Xod" {rPois Int+7 Slay-2
                  | Stlth+}
 28984 | Zig:15   | Entered Level 15 of a ziggurat
 29002 | Zig:15   | Identified the Verses on Shadowy Bedrock
 29002 | Zig:15   | Identified the +11 morningstar of Tuyreic {antimagic,
                  | +Blink Dex+2}
 29003 | Zig:15   | Identified the +1 sling "Fiadurae" {venom, Fly Str+6}
 29006 | Zig:15   | Identified the Opusculum on Congealing Hurting
 29006 | Zig:15   | Identified the ring of the Frog {Wiz Dex+2}
 29240 | Zig:16   | Entered Level 16 of a ziggurat
 29257 | Zig:16   | Identified the ring of Velaewn {EV+4 Str+3 Int+4}
 29257 | Zig:16   | Identified the +1 rapier of Dyg Rekh {venom, Str+5 Dex+3}
 29258 | Zig:16   | Identified the +7 plate armour of the Ferocious God {rF+
                  | rN+++ rCorr Dex-4}
 29261 | Zig:16   | Identified the +4 scale mail "Amazymia" {rElec rC- Int+5
                  | Stlth+}
 29281 | Zig:16   | Learned a level 2 spell: Sublimation of Blood
 29427 | Zig:17   | Entered Level 17 of a ziggurat
 29444 | Zig:17   | Reached skill level 10 in Shields
 29457 | Zig:17   | Identified the +4 sling of Vibby {vorpal, Fragile rPois
                  | Will+ Int+3}
 29461 | Zig:17   | Identified the +9 battleaxe of the Kissing Lamprey {freeze,
                  | Str+5 Int+2}
 29492 | Zig:17   | Reached skill level 15 in Shields
 29722 | Zig:18   | Entered Level 18 of a ziggurat
 29747 | Zig:18   | Identified the +11 war axe of Ethriub {venom, Str-5 Int+8
                  | Dex-3 Stlth+}
 29747 | Zig:18   | Identified the +1 short sword "Gomypli" {spect, SInv}
 29747 | Zig:18   | Identified the +10 plate armour "Damnable Contraption"
                  | {Harm}
 29748 | Zig:18   | Identified the +11 sling of Cuoses {freeze, Fly rCorr}
 29749 | Zig:18   | Identified the amulet "Ylitrioxki" {Acrobat Will+ Stlth+}
 29749 | Zig:18   | Identified the +9 hand axe of the Evening {pain, Int+5}
 29750 | Zig:18   | Identified the Precepts of Productive Poisoning
 29892 | Zig:19   | Entered Level 19 of a ziggurat
 29915 | Zig:19   | Paralysed by an air elemental for 1 turns
 29920 | Zig:19   | Paralysed by an air elemental for 1 turns
 30029 | Zig:19   | Identified the Quarto of Septic Conflict
 30030 | Zig:19   | Identified the ring "Num Hish" {Drain Fly EV+4 Int+2}
 30030 | Zig:19   | Identified the +9 dagger of Zimnew {flame, rF+}
 30033 | Zig:19   | Identified the +7 war axe of Action {pain, rPois Dex+4}
 30033 | Zig:19   | Identified the ring of Wu Jian's Favour {Fly Dex+4 Stlth+}
 30033 | Zig:19   | Found the +5 lochaber axe {reach-cleave, poleaxe}
 30034 | Zig:19   | Identified the Guide on Conjuration
 30084 | Depths:4 | Found a gate to the Realm of Zot.
 30102 | Depths:4 | Learned a level 7 spell: Ozocubu's Refrigeration
 30111 | Depths:4 | Learned a level 7 spell: Haunt
 30116 | Depths:4 | Learned a level 3 spell: Ozocubu's Armour
 30173 | Depths:3 | Found Tybe's General Store.
 30181 | Depths:3 | Bought a potion of mutation for 136 gold pieces
 30181 | Depths:3 | Bought 2 potions of brilliance for 136 gold pieces
 30223 | Depths:3 | Found a runed translucent door.
 30225 | Depths:3 | Found a runed translucent door.
 30248 | Depths:3 | Reached skill level 15 in Fighting
 30260 | Depths:3 | Identified the +8 scimitar of Uquni {vorpal, rC+}
 30260 | Depths:3 | Found the +7 Singing Sword {vorpal, sonic wave}
 30340 | Depths:2 | Found a one-way gate leading to the halls of Pandemonium.
 30353 | Pan      | Entered Pandemonium
 30377 | Pan      | Entered the realm of Mnoleg.
 30379 | Pan      | Gained mutation: Armour fits poorly on your strangely
                  | shaped body. [a neqoxec]
 30461 | Pan      | Lost mutation: You are robust. (+10% HP) [a neqoxec]
 30556 | Pan      | Noticed Mnoleg
 30560 | Pan      | Gained mutation: Your magical capacity is very low. (-20%
                  | MP) [a neqoxec]
 30562 | Pan      | Killed Mnoleg
 30576 | Pan      | Got a glowing rune of Zot
 30662 | Pan      | Gained mutation: Your magical capacity is extremely low.
                  | (-30% MP) [a cacodemon]
 30669 | Pan      | Lost mutation: Armour fits poorly on your strangely shaped
                  | body. [potion of mutation]
 30669 | Pan      | Lost mutation: You are dopey. (Int -2) [potion of mutation]
 30669 | Pan      | Lost mutation: Your magical capacity is extremely low.
                  | (-30% MP) [potion of mutation]
 30669 | Pan      | Gained mutation: Your system is resistant to poisons.
                  | (rPois) [potion of mutation]
 30669 | Pan      | Lost mutation: Your magical capacity is very low. (-20% MP)
                  | [potion of mutation]
 30670 | Pan      | Lost mutation: Your magical capacity is low. (-10% MP)
                  | [potion of mutation]
 30670 | Pan      | Lost mutation: Your system is resistant to poisons. (rPois)
                  | [potion of mutation]
 30670 | Pan      | Gained mutation: Armour fits poorly on your strangely
                  | shaped body. [potion of mutation]
 30672 | Pan      | Found an exit through the horrors of the Abyss.
 30723 | Pan      | Noticed Tar Xul the pandemonium lord
 30726 | Pan      | Killed Tar Xul the pandemonium lord
 30765 | Pan      | Noticed Suatul the pandemonium lord
 30772 | Pan      | Killed Suatul the pandemonium lord
 30784 | Depths:2 | Escaped Pandemonium
 30793 | Depths:1 | Identified the ring of Moral Flaws {+Blink AC+4 Dex-4
                  | Slay+5 SInv}
 30973 | Pan      | Entered Pandemonium
 31371 | Pan      | Noticed Jaram the pandemonium lord
 31375 | Pan      | Killed Jaram the pandemonium lord
 31422 | Pan      | Found an exit through the horrors of the Abyss.
 31458 | Pan      | Noticed Rueqooff the pandemonium lord
 31529 | Pan      | Reached skill level 15 in Evocations
 31615 | Pan      | Entered the realm of Gloorx Vloq.
 31705 | Pan      | Noticed Gloorx Vloq
 31712 | Pan      | Killed Gloorx Vloq
 31751 | Pan      | Got a dark rune of Zot
 31919 | Pan      | Noticed Yhetacefi the pandemonium lord
 31924 | Pan      | Killed Yhetacefi the pandemonium lord
 31936 | Pan      | Entered the realm of Lom Lobon.
 32155 | Pan      | Learned a level 8 spell: Maxwell's Capacitive Coupling
 32170 | Pan      | Noticed Lom Lobon
 32240 | Pan      | Killed Lom Lobon
 32254 | Pan      | Got a magical rune of Zot
 32373 | Pan      | Noticed Peexam the pandemonium lord
 32380 | Pan      | HP: 6/182 [Tzitzimitl/dispel undead (86)]
 32664 | Pan      | Reached skill level 10 in Air Magic
 32701 | Pan      | Entered the realm of Cerebov.
 32713 | Pan      | Identified the +8 demon trident "Boliruur" {vamp, Will++}
 32866 | Pan      | Identified the +10 whip of Bodily Harmony {elec, Str+2
                  | Dex+5}
 32866 | Pan      | Identified the ring of Sow Mint {rPois Dex+6}
 32910 | Pan      | Found the +6 sword of Cerebov {flame}
 32910 | Pan      | Noticed Cerebov
 32912 | Pan      | Got a fiery rune of Zot
 33187 | Pan      | Noticed Hiys the pandemonium lord
 33381 | Pan      | Noticed Fiolal the pandemonium lord
 33411 | Pan      | Found the +6 sword of Cerebov {flame}
 33411 | Pan      | Noticed Cerebov
 33416 | Pan      | Killed Cerebov
 33466 | Depths:2 | Escaped Pandemonium
 33547 | Hell     | Entered the Vestibule of Hell
 33547 | Hell     | Noticed Geryon
 33553 | Hell     | Killed Geryon
 33756 | Hell     | Reached skill level 15 in Air Magic
 33776 | Hell     | Found a gateway to the ashen valley of Gehenna.
 33795 | Geh:1    | Entered Level 1 of Gehenna
 33830 | Geh:2    | Found a runed translucent gate.
 33830 | Geh:2    | Found a runed translucent gate.
 33830 | Geh:2    | Found a runed translucent gate.
 33830 | Geh:2    | Found a runed translucent gate.
 33831 | Geh:2    | Found a runed translucent gate.
 33831 | Geh:2    | Found a runed translucent gate.
 33989 | Geh:2    | Found a runed translucent gate.
 33989 | Geh:2    | Found a runed translucent gate.
 33990 | Geh:2    | Found a runed translucent gate.
 33990 | Geh:2    | Found a runed translucent gate.
 33991 | Geh:2    | Found a runed translucent gate.
 33992 | Geh:2    | Found a runed translucent gate.
 34468 | Geh:7    | Entered Level 7 of Gehenna
 34484 | Geh:7    | Noticed an ancient lich
 34971 | Geh:7    | Identified the +6 broad axe of Circularity {pain, MP+9
                  | Str+6}
 34973 | Geh:7    | Identified the +2 robe "Haxuex" {rF- rC+ Str+5}
 34987 | Geh:7    | Found the +7 sceptre of Asmodeus
 34987 | Geh:7    | Noticed Asmodeus
 34990 | Geh:7    | Got an obsidian rune of Zot
 35001 | Geh:7    | Killed from afar by Asmodeus

Illustrated notes

Levels and vault maps discovered:
D:1:      dpeg_arrival_tiny_a, layout_loops_ring
D:2:      layout_loops_ring, basic_altar, uniq_robin, uniq_jessica
D:3:      layout_rooms, ebering_ecumenical_altar_webs
D:4:      layout_basic, grunt_temple_overflow_cloverleaf
D:5:      cheibrodos_barr_body, layout_basic, nrook_pool_corridor
D:6:      layout_rooms, cheibrodos_worm_habitat, tso_altar, minmay_manual_mares,
          uniq_maggie
D:7:      layout_cave_pools, minmay_temple_entry_mist
D:8:      layout_rooms, chequers_temple_overflow_statue_of_worship,
          erik_lair_orcish_takeover
D:9:      gammafunk_sealed_arena, layout_cave_pools, chequers_avenue
D:10:     layout_cave_pools, nicolae_uskayaw_murder_on_the_dancefloor
D:11:     layout_irregular_city, kennysheep_orc_sif_temple, uniq_lodul
D:12:     layout_roguey, fedhas_ov_isle_minmay
D:13:     layout_cave_pools, david_vaults_4, serial_shops, shop_statue,
          nicolae_wu_jian_wuxing_cycle, uniq_jorgrun
D:14:     layout_cave_pools, minivault_25, serial_shops, shop, shop, shop, shop,
          shop, minmay_radiant, uniq_agnes
D:15:     hangedman_depths_entry_try_elsewhere_first, layout_loops_cross,
          serial_shops, nicolae_shop_waterfront, serial_bayou_pond_c,
          nzn_ghost_randoct, uniq_rupert
Lair:1:   layout_cave_pods, minivault_19, chequers_serial_rivers_large_a,
          beast_lair_carwin_9, serial_bayou_shore_a
Lair:2:   layout_layer_cave, enter_volcano_1, gammafunk_ghost_cemetery,
          chequers_serial_rivers_small_a, minmay_shattered_shrine
Lair:3:   layout_small_grid, minmay_swamp_entry_reptiles,
          guppyfry_snake_entry_island, serial_bayou_shore_b, uniq_sonja
Lair:4:   layout_layer_cave, slime_entry_1
Lair:5:   due_jungle_book, layout_regular_city, gauntlet_entry_generic,
          dreamdust_gnoll_shepherd
Swamp:1:  layout_basic_swamp, nicolae_swamp_little_swirl, swamp_pool1,
          uniq_donald
Swamp:2:  layout_basic_swamp, evilmike_swamp_ruin_house_4
Swamp:3:  layout_basic_swamp, serial_swamp_ruin, evilmike_swamp_ruin_house_1,
          evilmike_swamp_ruin_house_3, swamp_pool1
Swamp:4:  swamp_pestilence, layout_basic_swamp
Snake:1:  layout_cave_pods, nicolae_snake_horde_hoard, uniq_mlioglotl
Snake:2:  layout_basic, gammafunk_ghost_arena, st_stairs_2,
          nrook_guardian_serpent_double
Snake:3:  gammafunk_sealed_library, layout_layer_cave, serial_shops,
          nicolae_square_shop, minmay_shop_grove
Snake:4:  minmay_snake_end_coiled, layout_misc_corridors, serial_shops,
          bzr_entry_safe, nicolae_shop_statue_plus, nicolae_shop_statue_plus,
          shop, serial_bayou_crossing, uniq_vashnia
Slime:1:  layout_caves
Slime:2:  layout_caves, nicolae_slime_phagocytosis
Slime:3:  layout_caves
Slime:4:  layout_caves
Slime:5
Orc:1:    layout_caves, basic_altar
Orc:2:    hellmonk_orc_salted, layout_diamond_mine, serial_shops, shop,
          bloody_makhleb, uniq_snorg
Elf:1:    layout_gridlike, serial_shops, bzr_entry_road, minmay_elf_sorcery
Elf:2:    elven_hall_of_blades_hangedman_original
          [nicolae_blade_entry_crossed_weapons], layout_geoelf_diagonals,
          serial_shops, nicolae_stop_n_shop_2
Elf:3:    elf_hall_gauntlet_wide, layout_geoelf_castle, st_stairs_14,
          uniq_louise
Vaults:1: vaults_mumra_lcd, grunt_vaults_twisty, v_rooms_2, v_misc_18,
          nicolae_vaults_network_square, v_misc_4, ontoclasm_vaults_shuriken,
          vaults_dpeg_cross, nicolae_vaults_gold_heap, nicolae_vaults_little_ls,
          nicolae_vaults_what_the_h, layout_vaults_omnicross, serial_shops, shop
Vaults:2: portal_desolation_entry_salt, hangedman_vaults_restitches,
          nicolae_vaults_three_branches, v_misc_2, hangedman_vaults_nails,
          hangedman_vaults_corner, nicolae_vaults_meeting,
          vaults_mumra_chevron_long, hangedman_vaults_stream,
          vaults_room_stairs_pillars, ontoclasm_vaults_claustrophobia,
          vaults_room_semicircle, ontoclasm_vaults_twist,
          vaults_room_stairs_pillars, vaults_room_pool, layout_vaults_omnibox,
          uniq_mara
Vaults:3: minmay_crypt_entry_simple_walls, v_misc_29, vaults_mumra_hexcomb,
          hangedman_vaults_snaps, nicolae_vaults_shelves_hall, v_misc_25,
          nicolae_vaults_display_case, grunt_vaults_funnel,
          ontoclasm_vaults_gateway, nicolae_vaults_yaktaur_gun_rack,
          nicolae_vaults_network_quinsquares
          [nicolae_vaults_network_quincunx_subvault,
          nicolae_vaults_network_quincunx_subvault,
          nicolae_vaults_network_quincunx_subvault,
          nicolae_vaults_network_quincunx_subvault], v_misc_22,
          hangedman_vaults_impose, layout_vaults_maze
Vaults:4: vaults_room_boxed, ontoclasm_vaults_ring_small, v_misc_27,
          vaults_mumra_minichess_inversion, v_rooms_1, hangedman_vaults_locks,
          vaults_room_pools, nicolae_vaults_bisected_slash,
          ontoclasm_vaults_ring_small, v_misc_25, nicolae_vaults_network_s,
          vaults_dpeg_diagonal, layout_vaults_ring
Vaults:5
Crypt:1:  layout_regular_city, serial_sigils, serial_sigils_hangedman_gut,
          serial_sigils_hangedman_confine, serial_sigils_hangedman_writhe,
          serial_sigils_hangedman_quiver, serial_sigils_hangedman_scratch,
          serial_sigils_hangedman_shear
Crypt:2:  layout_rooms, basic_altar
Crypt:3:  david_glass_crypt, layout_gridlike, nicolae_tomb_entry_rubble_hallway,
          minmay_strange_pillars
Depths:1: evilmike_library_of_no_secrets, layout_cave_pools, hell_entry,
          serial_column_ruins, column_ruins_hut_ruined, column_ruins_hut_water,
          column_ruins_corridor_plus, column_ruins_open_tiny,
          column_ruins_open_small, column_ruins_columns_straight,
          column_ruins_open_small, hangedman_abyss_or_decor_jellyfish_corner,
          st_stairs_9, amcnicky_mini_corridor_feature, pandoras_box_mu
Depths:2: minmay_bloctagon_deflated, layout_basic, pan_entry, hell_entry,
          abyss_entry_small_statue_room, hangedman_decor_push,
          infiniplex_staircase_door_maze, minmay_shop_star
Depths:3: minmay_the_grid_triangle_9x9_recursive_3_mashed
          [minmay_the_grid_triangle_9x9_thin_v,
          minmay_the_grid_triangle_9x9_limited_checkers,
          minmay_the_grid_triangle_9x9_empty,
          minmay_the_grid_triangle_9x9_prize_insulated,
          minmay_the_grid_triangle_9x9_swiss_cheese,
          minmay_the_grid_triangle_9x9_tough_junction,
          minmay_the_grid_triangle_9x9_sparse_checkered,
          minmay_the_grid_triangle_9x9_intruding_spiral,
          minmay_the_grid_triangle_9x9_odd_lines], layout_small_grid,
          grunt_hell_entry_dis_grunt, abyss_entry_crystal, serial_shops, shop,
          kiku_gazebo_garden_becter, minmay_misc_feat_enclosed,
          kilobyte_mutagenic_chamber, uniq_margery, uniq_saint_roka
Depths:4: grunt_twist_and_shout, layout_gridlike, enter_ziggurat_f, special_room
          [special_room_mythical_zoo], minmay_crystal_room, abyss_entry,
          lightli_too_deep, minmay_door_square
Hell
Geh:1:    layout_gehenna_pools_box
Geh:2:    layout_gehenna_lava_caves, nicolae_geh_backdraft
Geh:3:    layout_gehenna_pools_basic
Geh:4:    layout_gehenna_lava_caves
Geh:5:    layout_gehenna_pools_box, nicolae_geh_amphitheater
Geh:6:    layout_gehenna_lava_caves
Geh:7:    geh_grunt

Skill      XL: |  1  2  3  4  5  6  7  8  9 10 11 12 13 14 15 16 17 18 19 20 21 22 23 24 25 26 27 |
---------------+----------------------------------------------------------------------------------+-----
Summonings     | 5 6 7 8 |  8.9
Hexes          | 2 3 4 |  4.0
Spellcasting   | 3 4 6 9 10 11 14 20 | 20.8
Short Blades   | 2 3 6 7 |  7.4
Fighting       | 3 5 7 8 13 16 | 16.9
Dodging        | 4 5 7 10 16 | 16.9
Air Magic      | 4 6 15 | 15.6
Throwing       | 4 5 |  5.2
Stealth        | 8 10 | 10.0
Armour         | 2 |  2.6
Poison Magic   | 3 |  3.4
Conjurations   | 2 3 4 |  4.0
Ice Magic      | 3 8 10 12 16 18 21 22 23 | 23.0
Evocations     | 4 9 12 14 17 | 17.9
Necromancy     | 6 7 13 | 13.9
Shields        | 2 8 15 | 15.7
Translocations | 2 |  2.0
Staves         | 4 |  4.8
Earth Magic    | 7 10 14 18 20 21 | 21.9
Transmutations | 5 6 9 |  9.1

Action                   |  1- 3 |  4- 6 |  7- 9 | 10-12 | 13-15 | 16-18 | 19-21 | 22-24 | 25-27 || total
-------------------------+-------+-------+-------+-------+-------+-------+-------+-------+-------++-------
Melee: Unarmed           |    15 |       |       |       |       |       |       |       |       ||    15
       Mace              |    21 |       |       |       |       |       |       |       |       ||    21
       Bite              |     4 |     4 |    14 |    55 |    71 |    16 |    51 |    10 |    10 ||   235
       Staff             |     3 |       |       |     7 |     1 |    54 |   172 |    56 |    37 ||   330
       Dagger            |       |    52 |   117 |   298 |   410 |    39 |       |       |       ||   916
       Punch             |       |       |     2 |     8 |     4 |       |       |       |       ||    14
       Falchion          |       |       |       |     2 |       |       |       |       |       ||     2
       Scimitar          |       |       |       |    33 |     8 |       |       |       |       ||    41
Throw: Dart              |       |       |     3 |     7 |    32 |     3 |     2 |       |       ||    47
       Boomerang         |       |       |       |       |     1 |     5 |       |       |       ||     6
 Cast: Summon Small Mamm |    35 |       |       |     1 |       |       |       |       |       ||    36
       Call Imp          |    12 |     3 |       |     3 |       |       |       |       |       ||    18
       Call Canine Famil |       |    14 |    13 |    36 |    51 |     3 |     7 |       |       ||   124
       Summon Guardian G |       |     1 |    10 |    12 |    41 |     1 |     6 |       |       ||    71
       Summon Lightning  |       |       |     2 |    53 |    42 |     2 |    10 |       |       ||   109
       Mephitic Cloud    |       |       |       |    26 |    62 |     2 |    14 |     1 |       ||   105
       Freezing Cloud    |       |       |       |     2 |    60 |   178 |    61 |     3 |       ||   304
       Simulacrum        |       |       |       |       |    37 |   172 |    80 |     2 |       ||   291
       Apportation       |       |       |       |       |       |    58 |    38 |    89 |    50 ||   235
       Polar Vortex      |       |       |       |       |       |       |   113 |   105 |    84 ||   302
       Statue Form       |       |       |       |       |       |       |     6 |    16 |    19 ||    41
       Iron Shot         |       |       |       |       |       |       |       |    38 |    37 ||    75
       Passwall          |       |       |       |       |       |       |       |    15 |    15 ||    30
       Shatter           |       |       |       |       |       |       |       |    14 |    83 ||    97
       Borgnjor's Vile C |       |       |       |       |       |       |       |     6 |    44 ||    50
       Irradiate         |       |       |       |       |       |       |       |     1 |     2 ||     3
       Ozocubu's Refrige |       |       |       |       |       |       |       |       |   162 ||   162
       Haunt             |       |       |       |       |       |       |       |       |    35 ||    35
       Maxwell's Capacit |       |       |       |       |       |       |       |       |     5 ||     5
       Ozocubu's Armour  |       |       |       |       |       |       |       |       |     2 ||     2
       Blink             |       |       |       |       |       |       |       |       |     1 ||     1
Invok: Curse Item        |       |     1 |     1 |     4 |     5 |     4 |     2 |       |     1 ||    18
       Shatter the Chain |       |       |       |     1 |     2 |     2 |     2 |     1 |     1 ||     9
 Abil: Exsanguinate      |       |       |       |       |     2 |       |     3 |       |    18 ||    23
       Revivify          |       |       |       |       |     2 |       |     3 |       |    17 ||    22
       End Transformatio |       |       |       |       |       |       |     1 |     2 |     4 ||     7
Evoke: Wand              |       |       |       |     2 |     9 |    20 |       |     3 |     3 ||    37
       Tin of tremorston |       |       |       |       |     6 |       |     4 |     5 |     2 ||    17
       Phantom mirror    |       |       |       |       |     2 |     4 |     1 |     1 |     1 ||     9
       Phial of floods   |       |       |       |       |       |     1 |     1 |       |       ||     2
       Condenser vane    |       |       |       |       |       |       |       |     2 |       ||     2
  Use: Potion            |     4 |       |       |     3 |     3 |     1 |     4 |     4 |    28 ||    47
       Scroll            |       |     6 |     1 |     1 |     3 |     6 |     2 |     8 |    26 ||    53
 Stab: Sleeping          |       |     2 |     1 |     7 |    13 |     1 |     1 |       |       ||    25
       Distracted        |       |     1 |     2 |     4 |     5 |     1 |       |       |       ||    13
       Confused          |       |       |       |    19 |    45 |     1 |       |       |       ||    65
Armor: Robe              |     5 |    22 |    21 |    72 |    86 |    68 |    92 |    32 |    58 ||   456
       Ring mail         |    35 |       |       |       |       |       |       |       |       ||    35
       Skin              |       |       |       |       |       |       |    21 |    74 |    26 ||   121
Dodge: Dodged            |    58 |    28 |    91 |   235 |   243 |   138 |   237 |   206 |   195 ||  1431
Block: Buckler           |       |       |       |       |     2 |     2 |       |       |       ||     4
       Kite shield       |       |       |       |       |       |   158 |   319 |   228 |   129 ||   834
       Tower shield      |       |       |       |       |       |       |       |       |   216 ||   216

Table legend: (Time is in decaauts)
 A = Elapsed time spent in this place.
 B = Non-inter-level travel time spent in this place.
 C = Inter-level travel time spent in this place.
 D = Time resting spent in this place.
 E = Time spent auto-exploring this place.
 F = Levels seen in this place.
 G = Mean time per level.
                   A        B        C        D        E       F      G
               +--------+--------+--------+--------+--------+-----+--------+
         Total |  35596 |  21469 |  14127 |   2721 |      0 | 109 |  326.6 |
       Dungeon |   8364 |   3358 |   5006 |      0 |      0 |  15 |  557.6 |
          Lair |   3809 |   1770 |   2039 |     51 |      0 |   5 |  761.8 |
         Swamp |   1688 |    896 |    792 |      0 |      0 |   4 |  422.0 |
     Snake Pit |   2816 |   1433 |   1383 |      0 |      0 |   4 |  704.0 |
    Slime Pits |    536 |    420 |    116 |      0 |      0 |   5 |  107.2 |
  Orcish Mines |   1386 |    522 |    864 |      0 |      0 |   2 |  693.0 |
   Elven Halls |   1352 |    600 |    752 |      0 |      0 |   3 |  450.7 |
        Vaults |   5099 |   2747 |   2352 |    222 |      0 |   5 | 1019.8 |
         Crypt |   1147 |    745 |    402 |      0 |      0 |   3 |  382.3 |
        Depths |   1202 |    861 |    341 |    156 |      0 |   4 |  300.5 |
          Hell |     92 |     87 |      5 |      0 |      0 |   1 |   92.0 |
       Gehenna |   1503 |   1432 |     71 |    531 |      0 |   7 |  214.7 |
         Abyss |    237 |    237 |      0 |      0 |      0 |   4 |   59.2 |
   Pandemonium |   2922 |   2922 |      0 |    468 |      0 |  23 |  127.0 |
      Ziggurat |   2238 |   2238 |      0 |   1221 |      0 |  19 |  117.8 |
        Bazaar |    126 |    126 |      0 |      0 |      0 |   2 |   63.0 |
       Volcano |     52 |     52 |      0 |      0 |      0 |   1 |   52.0 |
    Desolation |    591 |    591 |      0 |      0 |      0 |   1 |  591.0 |
      Gauntlet |    428 |    428 |      0 |     71 |      0 |   1 |  428.0 |
               +--------+--------+--------+--------+--------+-----+--------+

Top non-repeatable levels by time:
Vaults:5: 1358 daAuts
Vaults:3: 1330 daAuts
  Lair:5: 1277 daAuts
   Orc:2: 1032 daAuts
Vaults:2: 1014 daAuts
 Swamp:4: 933 daAuts
Vaults:4: 904 daAuts
 Snake:3: 797 daAuts
   Elf:1: 797 daAuts
  Lair:4: 773 daAuts
     D:1: 768 daAuts
  Lair:2: 758 daAuts
    D:11: 747 daAuts
 Snake:4: 744 daAuts
     D:9: 717 daAuts
